cohdb
Replays
Latest Replays
All Replays
Popular Replays
Top Player Replays
Match Explorer
How It Works
Community
CoH3 Stats
Reddit
Sign in to upload your games and track your stats! →
Sign in with Steam
Match 42890928
Unlisted
Match 42890928
Overview
Messages
Build Orders
End
Engineer Squad
Construct Weapon Support Center
Scout Squad
Scout Squad
Construct Barracks
Riflemen Squad
M1919 Machine Gun Team
Grenade Package
Infantry Support Center
Bazooka Squad
M3 Armored Personnel Carrier
Construct Medical Station
Munitions Surplus
Improved M9 Bazooka Rockets
Bazooka Squad
Demolitions Package
Bazooka Squad
Bazooka Squad
Selects Special Operations Battlegroup
Selects M29 Weasel with M1 Pack Howitzer
Selects P-47 Anti-Infantry Loiter
M29 Weasel with M1 Pack Howitzer
P-47 Anti-Infantry Loiter
Selects M4A1 Sherman Whizbang
M4A1 Sherman Whizbang
P-47 Anti-Infantry Loiter
ligerinho(BR)
Fajolada
0
0
Comments
sign in to comment!
No comments posted yet!